 Dungeon Crawl Stone Soup version 0.31-a0-455-g1a7b003ef0 (webtiles) character file.

Game seed: 5843334223156233257

116 Newt the Changeling (level 4, -1/38 HPs)
             Began as a Draconian Shapeshifter on Aug 3, 2023.
             Slain by a hound (4 damage)
             ... on level 4 of the Dungeon.
             The game lasted 00:02:18 (2589 turns).

Newt the Changeling (Draconian Shapeshifter)        Turns: 2589, Time: 00:02:19

Health: -1/38      AC:  5    Str: 21    XL:     4   Next: 69%
Magic:  2/4        EV: 11    Int:  8    God:
Gold:   185        SH: 12    Dex: 18    Spells: 3/3 levels left

rFire   . . .        k - +1 long sword
rCold   . . .        d - +4 kite shield "Hifap" {Str+2}
rNeg    . . .        (body armour unavailable)
rPois   .            (helmet currently unavailable)
rElec   .            (cloak currently unavailable)
rCorr   .            (gloves currently unavailable)
SInv    .            (boots currently unavailable)
Will    .....        q - amulet of regeneration
Stlth   ++           p - +6 ring of dexterity
HPRegen 1.06/turn    (no ring)
MPRegen 0.09/turn

%: no passive effects
@: beast-form
A: beast (slay +2), AC +5, unfitting armour, cold-blooded
a: Begin Untransformation


You were on level 4 of the Dungeon.
You were a hulking beast.
You visited 1 branch of the dungeon, and saw 4 of its levels.

You collected 185 gold pieces.

Inventory:

Hand Weapons
 k - a +1 long sword (weapon)
Armour
 c - a +0 tower shield
 d - the +4 kite shield "Hifap" (worn) {Str+2}
   (You acquired it on level 4 of the Dungeon)

   Str:       It affects your strength (+2).
Jewellery
 g - an amulet of magic regeneration
 m - a ring of fire
 p - a +6 ring of dexterity (left hand)
 q - an amulet of regeneration (around neck)
Talismans
 b - a beast talisman (active)
 l - a maw talisman
Wands
 n - a wand of flame (27)
Scrolls
 f - a scroll of silence {unknown}
Potions
 a - a potion of lignification
 e - a potion of haste
 h - a potion of heal wounds
 i - a potion of berserk rage {unknown}
 o - a potion of degeneration


   Skills:
 - Level 3.0 Fighting
 - Level 3.0 Long Blades
 - Level 1.7 Dodging
 - Level 3.0 Unarmed Combat
 + Level 3.3 Shapeshifting


You had 3 spell levels left.
You didn't know any spells.
Your spell library contained the following spells:

 Spells                   Type           Power      Damage    Failure   Level
 Freeze                   Ice            0%         1d3       75%         1
 Magic Dart               Conj           0%         1d3       75%         1
 Searing Ray              Conj           0%         2d4       87%         2
 Frozen Ramparts          Ice            0%         1d1       98%         3
 Hailstorm                Conj/Ice       0%         3d3       98%         3
 Fulminant Prism          Conj/Hex       0%         3d5       100%        4


Dungeon Overview and Level Annotations

Branches:
Dungeon (4/15)             Temple (0/1) D:4

Altars:


Innate Abilities, Weirdness & Mutations

You are a hulking beast.
Your limbs bulge with bestial killing power. (Slay +2)
Your plain brown scales are hard. (AC +5)
You cannot fit into any form of body armour.
You are cold-blooded and may be slowed by cold attacks.


Message History

The orc is moderately wounded.
You block the orc's attack.
The orc priest miscasts a cantrip.
The orc barely misses you.
You closely miss the orc.
The orc is moderately wounded.
The orc priest invokes the aid of Beogh against you.
Beogh smites you! You block the orc's attack.
You closely miss the orc priest. The orc priest barely misses you.
A magic dart appears from out of thin air!
The magic dart hits you. The orc hits you with a +0 short sword.
You block the orc priest's attack. You block the orc's attack.
Unknown command.
You slash the orc priest!
The orc priest is severely wounded.
The hound bites you. You block the orc's attack.
You block the orc priest's attack. The orc hits you with a +0 short sword.
Something hits you.
You slash the orc priest!
You kill the orc priest!
You block the hound's attack. x2; Something hits you.
* * * LOW HITPOINT WARNING * * *
You feel your power leaking away.
The orc hits you with a +2 hand axe of flaming.
* * * LOW HITPOINT WARNING * * *
The orc burns you.
* * * LOW HITPOINT WARNING * * *
The orc barely misses you. The orc hits you with a +0 short sword.
* * * LOW HITPOINT WARNING * * *
You block the hound's attack.
Unknown command.
You block the orc's attack.
Unknown command.
You feel better. The hound bites you.
* * * LOW HITPOINT WARNING * * *
The orc hits you with a +0 short sword.
* * * LOW HITPOINT WARNING * * *
The hound bites you.
You die...

.......##.# #
###†#####.# .#
.. #.# #.##.#
.#
#.#####.#.#.#.#
#........###..
##
######..#)#..#
.#
##.##.##.##.#
#.........#.#
#.....[...ohh.#
###..⌠...⌠.o#.#
#........)#.#
......>......#
..#.........#.#
.##..⌠$..⌠..#.#
........$...#
#.........###
#.##.##.##


You could see a hound and 2 orcs.

Vanquished Creatures
  An orc priest (D:4)
  3 adders
  3 dart slugs
  An orc (D:4)
  4 bats
  6 endoplasms
  7 goblins
  9 hobgoblins
  3 jackals (D:2)
  2 kobolds (D:2)
  2 quokkas
  2 ball pythons
  2 frilled lizards
  3 rats
48 creatures vanquished.

Notes
Turn   | Place    | Note
-------+----------+-------------------------------------------
     0 | D:1      | Newt the Draconian Shapeshifter began the quest for the
                  | Orb.
     0 | D:1      | Reached XP level 1. HP: 16/16 MP: 1/1
   256 | D:1      | Found a faded altar of an unknown god.
   482 | D:1      | Reached XP level 2. HP: 25/25 MP: 2/2
  1473 | D:2      | Reached skill level 1 in Long Blades
  1473 | D:2      | Reached XP level 3. HP: 31/31 MP: 3/3
  2196 | D:3      | Reached XP level 4. HP: 38/38 MP: 4/4
  2456 | D:4      | Identified a scroll of acquirement
  2456 | D:4      | Acquired the +4 kite shield "Hifap" {Str+2}
  2572 | D:4      | Found a staircase to the Ecumenical Temple.
  2589 | D:4      | Slain by a hound

Illustrated notes

Levels and vault maps discovered:
D:1:      ebering_hopf_link, layout_loops_corners, ebering_ecumenical_altar_rust
D:2:      minmay_chambers_of_twos, layout_loops_ring
D:3:      layout_rooms
D:4:      layout_loops_ring, minmay_temple_entry_large_hall,
          gammafunk_ghost_arena, uniq_natasha, uniq_eustachio

Skill      XL: |  1  2  3  4 |
---------------+-------------+-----
Fighting       | 2 3 |  3.0
Long Blades    | 1 2 3 |  3.0
Dodging        | |  1.7
Unarmed Combat | |  3.0
Shapeshifting  | |  3.3

Action                     |  1- 3 |  4- 6 || total
---------------------------+-------+-------++-------
  Melee: Unarmed           |    22 |       ||    22
         Tailslap          |     9 |     1 ||    10
         Long sword        |   103 |    18 ||   121
         Punch             |     1 |       ||     1
    Use: Scroll            |     8 |     2 ||    10
         Potion            |       |     1 ||     1
   Stab: Sleeping          |     1 |     1 ||     2
 Armour: Skin              |    50 |     5 ||    55
  Dodge: Dodged            |    62 |     9 ||    71
  Block: Tower shield      |    60 |       ||    60
         Kite shield       |       |    13 ||    13

Table legend: (Time is in decaauts)
 A = Elapsed time spent in this place.
 B = Non-inter-level travel time spent in this place.
 C = Inter-level travel time spent in this place.
 D = Time resting spent in this place.
 E = Time spent auto-exploring this place.
 F = Levels seen in this place.
 G = Mean time per level.
                   A        B        C        D        E       F      G
               +--------+--------+--------+--------+--------+-----+--------+
         Total |   2664 |   2540 |    124 |    159 |   1937 |   4 |  666.0 |
       Dungeon |   2664 |   2540 |    124 |    159 |   1937 |   4 |  666.0 |
               +--------+--------+--------+--------+--------+-----+--------+

Top non-repeatable levels by time:
     D:2: 1145 daAuts
     D:1: 987 daAuts
     D:3: 383 daAuts
     D:4: 148 daAuts
